cohdb
Replays
Latest Replays
All Replays
Popular Replays
Top Player Replays
Match Explorer
How It Works
Community
CoH3 Stats
Reddit
Sign in to upload your games and track your stats! →
Sign in with Steam
Match 45952520
Unlisted
Match 45952520
Overview
Messages
Build Orders
End
Selects Special Operations Battlegroup
Selects M29 Weasel Recon Vehicle
M29 Weasel Recon Vehicle
Construct Barracks
Riflemen Squad
Riflemen Squad
Riflemen Squad
Construct Medical Station
Infantry Support Center
Construct Weapon Support Center
Bazooka Squad
Selects Mark Vehicle
M1918 Browning Automatic Rifles
Grenade Package
M3 Armored Personnel Carrier
Mark Vehicle
Construct Tank Depot
Mark Vehicle
Engineer Squad
Selects UNKNOWN (2162291)
Selects Raiding Flares
Selects SSF Commando Squad
Selects Air Re-supply Operation
Mark Vehicle
M4A1 Sherman Medium Tank
SSF Commando Squad
Mark Vehicle
M4A1 Sherman Whizbang
Mark Vehicle
DebaKLeTV
NanoLoki
Chad Kensington
Bob Tschigerillo
0
0
Comments
sign in to comment!
No comments posted yet!